 Dungeon Crawl Stone Soup version 0.29.0-4-gdea44cf6ec (webtiles) character file.

Game seed: 16002090793547156300

14 qw the Ruffian (level 2, 0/29 HPs)
             Began as a Troll Cinder Acolyte on Sept 1, 2022.
             Was a High Priest of Ignis.
             Slain by Sigmund
             ... wielding a +2 scythe of flaming
              (7 damage)
             ... on level 2 of the Dungeon.
             The game lasted 00:00:21 (999 turns).

qw the Ruffian (Troll Cinder Acolyte)                Turns: 999, Time: 00:00:22

Health: 0/29       AC: 11    Str: 21    XL:     2   Next: 27%
Magic:  2/2        EV:  9    Int: 10    God:    Ignis [*****.]
Gold:   81         SH:  0    Dex:  5    Spells: 3/3 levels left

rFire   + . .      SeeInvis .     - Unarmed
rCold   . . .      Faith    .   (no shield)
rNeg    . . .      Spirit   .   a - +0 robe
rPois   .          Reflect  .   (helmet restricted)
rElec   .          Harm     .   (no cloak)
rCorr   .          Rampage  .   (gloves unavailable)
Will    .....                   (boots unavailable)
Stlth   +.........              b - amulet of the acrobat
HPRegen 0.89/turn               (no ring)
MPRegen 0.08/turn               (no ring)

@: fiery-armoured
A: large, unfitting armour, claws 3, regeneration 1, shaggy fur 1, tough skin 1
a: Renounce Religion, Fiery Armour, Foxfire Swarm, Rising Flame


You were on level 2 of the Dungeon.
You worshipped Ignis.
Ignis was extremely pleased with you.
You visited 1 branch of the dungeon, and saw 2 of its levels.

You collected 81 gold pieces.


Innate Abilities, Weirdness & Mutations

You are too large for most types of armour.
You have claws for hands.
Your natural rate of healing is unusually fast.
You are covered in fur. (AC +1)
You have tough skin. (AC +1)


   Skills:
 - Level 2.4 Fighting
 + Level 3.7 Unarmed Combat
 - Level 1.0 Spellcasting
 - Level 2.1 Fire Magic


You had 3 spell levels left.
You didn't know any spells.
Your spell library contained the following spells:

 Spells                   Type           Power      Damage    Failure   Level
 Scorch                   Fire           8%         2d5       22%         2

Inventory:

Armour
 a - a +0 robe (worn)
Jewellery
 b - an amulet of the acrobat (around neck)
Potions
 d - a potion of invisibility {unknown}

Dungeon Overview and Level Annotations

Branches:
Dungeon (2/15)

Altars:
The Shining One

Annotations:
D:2 Sigmund


Message History

The goblin attacks as you move away! The goblin misses you.
Found a book of Weapons.
The frilled lizard hisses angrily.
You closely miss the goblin. You barely miss the goblin.
The kobold throws a stone.
The stone hits you but does no damage. The goblin hits you with a +0 dagger.
You claw the goblin!
You kill the goblin!
Sigmund gestures at you while chanting. The magic dart hits you.
The kobold hits you with a +0 short sword.
There is a stone staircase leading down here.
You claw the kobold!
You kill the kobold!
A quokka comes into view.
The frilled lizard barely misses you. Sigmund gestures at you while chanting.
You resist with significant effort.
You claw the frilled lizard!
You kill the frilled lizard!
Sigmund hits you from afar with a +2 scythe of flaming!
Sigmund burns you.
996 ||| INVOKING Fiery Armour.
A protective cloak of flame settles atop you.
Sigmund hits you but does no damage.
Found a stone staircase leading down.
You barely miss Sigmund.
The quokka bites you but does no damage.
The quokka is burned by your cloak of flames.
The quokka is almost dead.
Sigmund says, "Look into my eyes."
Sigmund hits you with a +2 scythe of flaming!
Sigmund burns you.
Sigmund is burned by your cloak of flames.
Sigmund is lightly wounded.
You scratch the quokka.
You kill the quokka!
Sigmund hits you with a +2 scythe of flaming!
You die...

.##.# ###.. .#..
.).>.. ..#.#
...... #... ?...
#..##... ##....#
. ##.@%.## #
:..#...@..#.##.#
.......).<.....#
........>)#$####
.##..#...## #
#.#.#.##
.......#
...##.### .# .#
.#


You could see Sigmund.

Vanquished Creatures
  2 endoplasms (D:1)
  A giant cockroach (D:1)
  2 quokkas
  3 bats (D:1)
  A frilled lizard (D:2)
  4 goblins
  A kobold (D:2)
14 creatures vanquished.

Notes
Turn   | Place    | Note
-------+----------+-------------------------------------------
     0 | D:1      | qw the Troll Cinder Acolyte began the quest for the Orb.
     0 | D:1      | Reached XP level 1. HP: 22/22 MP: 1/1
     0 | D:1      | 0 ||| qw: Version: 0.1-a-97-g2dd2ca4
     0 | D:1      | 0 ||| qw: Game counter: 4781
     0 | D:1      | 0 ||| qw: Always use a shield: true
     0 | D:1      | 0 ||| qw: God list: Okawaru
     0 | D:1      | 0 ||| qw: Allow faded altars: false
     0 | D:1      | 0 ||| qw: Do Orc after D:15 true
     0 | D:1      | 0 ||| qw: Do second Lair branch before Depths: true
     0 | D:1      | 0 ||| qw: Lair rune preference: random
     0 | D:1      | 0 ||| qw: Plans: Normal
     0 | D:1      | 0 ||| PLANNING D:1-11
     0 | D:1      | Found a glowing golden altar of the Shining One.
   431 | D:1      | Reached XP level 2. HP: 29/29 MP: 2/2
   915 | D:1      | 915 ||| UPGRADING to amulet of the acrobat.
   927 | D:1      | 927 ||| READING scroll labelled VOWNOUDAIJ.
   928 | D:1      | 928 ||| READING scroll labelled WERHOE DOQO.
   929 | D:1      | 929 ||| READING scroll labelled DETIOTA XUDWI.
   930 | D:1      | 930 ||| Stepping randomly (stuck).
   931 | D:1      | 931 ||| Stepping ~*~*~tactically~*~*~ (cloud).
   986 | D:2      | Noticed Sigmund
   987 | D:2      | 987 ||| Stepping ~*~*~tactically~*~*~ (hiding).
   988 | D:2      | 988 ||| Stepping ~*~*~tactically~*~*~ (hiding).
   996 | D:2      | 996 ||| INVOKING Fiery Armour.
   998 | D:2      | HP: 7/29 [Sigmund/+2 scythe of flaming (8)]
   999 | D:2      | Slain by Sigmund

Levels and vault maps discovered:
D:1:      sevenhm_arrival_forest_fort_small_6, layout_loops_corners
D:2:      layout_loops_ring, basic_altar, kennysheep_another_room, uniq_sigmund

Action                   || total
-------------------------++-------
Melee: Unarmed           ||    44
Invok: Fiery Armour      ||     1
  Use: Scroll            ||     3
Armor: Robe              ||    21
Dodge: Dodged            ||    20

Table legend:
 A = Non-vault XP
 B = Vault XP
 C = Vault XP percentage of total XP
 D = Non-vault monster count
 E = Vault monster count
 F = Vault count percentage of total count
                 A         B        C        D         E       F
            +---------+---------+-------+---------+---------+-------
      Total |      22 |       0 |   0.0 |      14 |       0 |   0.0
            +---------+---------+-------+---------+---------+-------
        D:1 |      16 |       0 |   0.0 |      10 |       0 |   0.0
        D:2 |       6 |       0 |   0.0 |       4 |       0 |   0.0
            +---------+---------+-------+---------+---------+-------
